 Dungeon Crawl Stone Soup version 0.29-a0-380-gf50f0a9fbc (webtiles) character file.

Game seed: 15124907354479038499

3 Antichthon the Skirmisher (level 1, 0/18 HPs)
             Began as a Formicid Abyssal Knight on May 5, 2022.
             Was a Believer of Lugonu.
             Slain by a goblin
             ... wielding a +0 club
              (3 damage)
             ... on level 1 of the Dungeon.
             The game lasted 00:00:20 (188 turns).

Antichthon the Skirmisher (Formicid Abyssal Knight)  Turns: 188, Time: 00:00:22

Health: 0/18       AC:  3    Str: 17    XL:     1   Next: 55%
Magic:  2/2        EV: 11    Int:  9    God:    Lugonu [**....]
Gold:   14         SH:  0    Dex: 11    Spells: 0/0 levels left

rFire   . . .      SeeInvis +   a - +1 mace
rCold   . . .      Faith    .   (no shield)
rNeg    . . .      Spirit   .   b - +0 leather armour
rPois   .          Reflect  .   (helmet unavailable)
rElec   .          Harm     .   (no cloak)
rCorr   .          Rampage  .   (no gloves)
Will    .....                   (no boots)
Stlth   +.........              (no amulet)
HPRegen 0.06/turn               (no ring)
MPRegen 0.08/turn               (no ring)

@: no status effects
A: permanent stasis, dig shafts and tunnels, antennae 3, four strong arms
a: Dig, Shaft Self, Renounce Religion, Depart the Abyss, Bend Space


You were on level 1 of the Dungeon.
You worshipped Lugonu.
Lugonu was pleased with you.
You visited 1 branch of the dungeon, and saw 1 of its levels.
You visited the Abyss 1 time.

You collected 14 gold pieces.

Inventory:

Hand Weapons
 a - a +1 mace (weapon)
Armour
 b - a +0 leather armour (worn)
Potions
 c - a potion of curing {unknown}


   Skills:
 - Level 3.2 Fighting
 - Level 2.0 Maces & Flails
 * Level 1.0 Crossbows
 - Level 2.1 Armour
 - Level 0.8 Dodging
 - Level 2.1 Invocations


You couldn't memorise any spells.
You didn't know any spells.
Your spell library was empty.

Dungeon Overview and Level Annotations

Branches:
Dungeon (1/15)

Altars:


Innate Abilities, Weirdness & Mutations

You cannot be hasted, slowed, berserked, paralysed or teleported.
You can dig through walls and to a lower floor.
You have a pair of large antennae on your head. (SInv)
Your four strong arms can wield two-handed weapons with a shield.


Message History

You now have 14 gold pieces.
You open the door.
A rat comes into view.
A rat is nearby!
There is an open door here.
The rat bites you but does no damage.
You hit the rat.
You kill the rat!
Lugonu accepts your kill.
Your Crossbows skill increases to level 1!
A kobold and a goblin come into view.
The kobold shouts!
The goblin hits you with a +0 club. The goblin attacks as you move away!
The goblin hits you but does no damage. The goblin attacks as you move away!
The goblin closely misses you. The goblin attacks as you move away!
The goblin hits you with a +0 club. The goblin attacks as you move away!
The goblin closely misses you. The goblin attacks as you move away!
The goblin completely misses you.
Found 15 gold pieces.
The goblin attacks as you move away! The goblin hits you with a +0 club.
There are monsters nearby!
You closely miss the goblin. The goblin hits you but does no damage.
You completely miss the goblin. The kobold hits you with a +0 club.
The goblin hits you with a +0 club. The goblin barely misses you.
The kobold misses you.
You completely miss the goblin. The goblin hits you with a +0 club.
* * * LOW HITPOINT WARNING * * *
The kobold hits you with a +0 club.
* * * LOW HITPOINT WARNING * * *
Unknown command.
You miss the goblin. The goblin closely misses you.
The kobold barely misses you.
Unknown command.
You hit the kobold.
You kill the kobold!
Lugonu accepts your kill. The goblin hits you with a +0 club.
* * * LOW HITPOINT WARNING * * *
The goblin hits you with a +0 club.
You die...

#.......#
#######.#
#.# #.#
#.#######
#........
##..######
#.####.g)##
$......@..#
#.####...##
##.## #.#
#.# #+#


You could see a goblin.

Vanquished Creatures
  A bat (D:1)
  2 kobolds (D:1)
  A rat (D:1)
4 creatures vanquished.

Notes
Turn   | Place    | Note
-------+----------+-------------------------------------------
     0 | Abyss:1  | Antichthon the Formicid Abyssal Knight began the quest for
                  | the Orb.
     0 | Abyss:1  | Reached XP level 1. HP: 18/18 MP: 2/2
     5 | Abyss:1  | Found a corrupted altar of Lugonu.
    68 | Abyss:1  | Noticed a tentacled starspawn
    69 | D:1      | Escaped the Abyss
   111 | D:1      | Reached ** piety under Lugonu
   166 | D:1      | Reached skill level 1 in Crossbows
   188 | D:1      | Slain by a goblin

Illustrated notes

Levels and vault maps discovered:
D:1:      dpeg_arrival_rooms_c, layout_loops_corners,
          dreamdust_ecumenical_altar_sealed_demon

Skill      XL: |  1 |
---------------+----+-----
Crossbows      | 1 |  1.0
Fighting       | |  3.2
Maces & Flails | |  2.0
Armour         | |  2.1
Dodging        | |  0.8
Invocations    | |  2.1

Action                   || total
-------------------------++-------
Melee: Mace              ||    10
Invok: Depart the Abyss  ||     1
Armor: Leather armour    ||    10
Dodge: Dodged            ||    20

Table legend: (Time is in decaauts)
 A = Elapsed time spent in this place.
 B = Non-inter-level travel time spent in this place.
 C = Inter-level travel time spent in this place.
 D = Time resting spent in this place.
 E = Time spent auto-exploring this place.
 F = Levels seen in this place.
 G = Mean time per level.
                   A        B        C        D        E       F      G
               +--------+--------+--------+--------+--------+-----+--------+
         Total |    190 |    190 |      0 |      0 |    124 |   2 |   95.0 |
       Dungeon |    121 |    121 |      0 |      0 |     68 |   1 |  121.0 |
         Abyss |     69 |     69 |      0 |      0 |     56 |   1 |   69.0 |
               +--------+--------+--------+--------+--------+-----+--------+

Top non-repeatable levels by time:
     D:1: 121 daAuts
 Abyss:1: 69 daAuts
